cohdb
Replays
Latest Replays
All Replays
Popular Replays
Top Player Replays
Match Explorer
How It Works
Community
CoH3 Stats
Reddit
Sign in to upload your games and track your stats! →
Sign in with Steam
Match 42720280
Unlisted
Match 42720280
Overview
Messages
Build Orders
End
Panzergrenadier Squad
Selects Panzerjäger Kommand Battlegroup
Panzergrenadier Squad
Panzergrenadier Squad
Construct Light Support Kompanie
MG34 Team
Selects Mine Fields
2.5-tonne Medical Truck
Selects Defensive Positions
Fire Support Elements
Pak 38 Anti-tank Gun Team
2.5-tonne Medical Truck
Selects Butterfly Bomb Drop
Kaspan
peterkoutsis
Zauberknaller
Atomic Floyd
Microsoft Outlook
deadsadbadmad
0
0
Comments
sign in to comment!
No comments posted yet!